Cogmind - Beta 9.2 @@@ ROGUE MODE // 2019.11.26 @ 17:27:07 Player: GammaGradiation Result: Destroyed by G-73 Enforcer with Phase Gun Performance ------------- Evolutions (6) 3000 Regions Visited (11) 2200 Robots Destroyed (75) 375 Value Destroyed (3551) 3551 Prototype IDs (24) 480 Alien Tech Used (0) 0 Bonus (438) 438 TOTAL SCORE: 10044 Bonus ------- Follower Combat Kills 138 Aligned with FarCom 300 Cogmind --------- Core Integrity 0/1150 Matter 274/300 Energy 51/170 System Corruption 8% Temperature Cool (9) Movement Core (650) Ox12 Location -4/Factory Parts ------- > --- POWER (1) -------- Micro Fission Core > --- PROPULSION (5) --- (None) > --- UTILITY (9) ------ High-capacity Storage Unit Improved Signal Interpreter Improved Targeting Computer Core Analyzer Weapon Cycler > --- WEAPON (4) ------- (None) > --- INVENTORY (12) --- Advanced Power Amplifier High-capacity Storage Unit Hacking Suite Great Maul Peak State ------------ > --- POWER ------------ Neutrino Core > --- PROPULSION ------- Carbon-fiber Leg Carbon-fiber Leg Flexi-carbon Leg Armored Leg Myomer Leg > --- UTILITY ---------- Advanced Heat Sink Advanced Heat Sink High-capacity Storage Unit Improved Signal Interpreter Improved Targeting Computer Core Analyzer Precision Energy Filter Weapon Cycler Improved Medium Armor Plating > --- WEAPON ----------- Tesla Rifle Phase Gun Matter Neutralizer KE Penetrator > --- INVENTORY -------- Micro Fission Core Light Antimatter Reactor Myomer Leg Myomer Leg Advanced Power Amplifier High-capacity Storage Unit EM Shield Hacking Suite Latent Energy Streamer Advanced Plasma Cannon Great Maul [Rating: 95] Favorites ----------- Power Improved Deuterium Engine Engine Improved Deuterium Engine Power Core Light Nuclear Core Reactor Light Antimatter Reactor Propulsion Improved Treads Treads Improved Treads Leg Carbon-fiber Leg Utility Core Analyzer Device Improved Heat Sink Storage High-capacity Storage Unit Processor Core Analyzer Protection Improved Medium Armor Plating Weapon Heavy Laser Energy Gun Heavy Laser Energy Cannon Heavy Phase Cannon Ballistic Gun Flak Gun Ballistic Cannon Assault Cannon Impact Weapon Great Maul Build | -11 -10 -10 -10 -9 -8 -7 -7 -7 -6 -5 -4 ------- Run | Scr Mat Min Exi Min Mat Fac Low Low Fac Fac Fac Slots Evolved 12 | . . . . . 4 2 . . 2 2 2 Power . | . . . . . . . . . . . . Propulsion 3 | . . . . . 2 . . . . 1 . Utility 7 | . . . . . 1 2 . . 1 1 2 Weapon 2 | . . . . . 1 . . . 1 . . Parts Attached 137 | 7 7 3 2 3 11 30 1 6 25 8 34 Power 16 | 2 1 . . 1 . 3 . . 4 2 3 Engine 12 | 2 . . . 1 . 3 . . 4 2 . Core 3 | . 1 . . . . . . . . . 2 Reactor 1 | . . . . . . . . . . . 1 Propulsion 39 | 2 2 1 . 2 6 10 . 1 7 2 6 Treads 7 | . . . . . . 5 . 1 1 . . Leg 32 | 2 2 1 . 2 6 5 . . 6 2 6 Wheel . | . . . . . . . . . . . . Hover . | . . . . . . . . . . . . Flight . | . . . . . . . . . . . . Utility 30 | 1 1 1 . . 2 5 1 1 5 2 11 Device 15 | . 1 1 . . . . . . 1 2 10 Storage 4 | 1 . . . . 1 1 1 . . . . Processor 4 | . . . . . 1 1 . . 2 . . Hackware . | . . . . . . . . . . . . Protection 7 | . . . . . . 3 . 1 2 . 1 Artifact . | . . . . . . . . . . . . Weapon 52 | 2 3 1 2 . 3 12 . 4 9 2 14 Energy Gun 20 | 1 2 1 1 . 2 4 . . 4 . 5 Energy Cannon 13 | . . . 1 . 1 2 . 1 3 1 4 Ballistic Gun 4 | 1 . . . . . . . . 1 . 2 Ballistic Cannon 9 | . 1 . . . . 5 . 2 1 . . Launcher . | . . . . . . . . . . . . Special Weapon . | . . . . . . . . . . . . Impact Weapon 6 | . . . . . . 1 . 1 . 1 3 Slashing Weapon . | . . . . . . . . . . . . Piercing Weapon . | . . . . . . . . . . . . Special Melee Weapon . | . . . . . . . . . . . . Unidentified Prototypes 2 | . . . . . . . . . . 1 1 Parts Lost 71 | . 3 2 . 1 . 16 . 2 15 3 29 Power 8 | . 1 . . 1 . 1 . . 1 2 2 Propulsion 26 | . 1 1 . . . 7 . 1 5 1 10 Utility 12 | . . . . . . 2 . . 3 . 7 Weapon 25 | . 1 1 . . . 6 . 1 6 . 10 Highest Loss Streak 22 | . 1 2 . 1 . 15 . 1 6 2 22 Average Slot Usage (%) 93 | . 97 98 100 100 98 84 100 99 78 89 94 Engine 4 | . 1 . . 6 9 5 7 7 6 4 . Core 4 | . 12 14 14 7 . . . . . . 4 Treads 8 | . . . . . . 14 30 30 11 . . Leg 18 | . 27 28 28 28 36 10 . . 12 28 25 Device 7 | . 12 14 14 14 9 1 . . 2 . 19 Storage 10 | . 14 14 14 14 9 7 13 15 9 5 5 Processor 9 | . . . . . 8 15 15 9 7 17 15 Protection 5 | . . . . . . 7 8 12 6 10 4 Energy Gun 9 | . 21 12 13 14 16 6 7 . 5 5 7 Energy Cannon 1 | . . . . . . . . . . 3 3 Ballistic Gun 1 | . 1 . . . . . . . 1 5 4 Ballistic Cannon 8 | . 4 14 14 14 9 10 15 18 7 . . Impact Weapon 1 | . . . . . . . . 2 3 3 1 Naked Turns . | . . . . . . . . . . . . Heaviest Build 92 | 11 14 15 23 15 31 50 81 87 86 76 92 Greatest Support 92 | 20 20 20 20 20 52 92 92 92 92 77 91 Greatest Overweight (x) 12 | 1 1 . 1 1 1 5 . . 2 1 12 Average Overweight (x) . | . . . . . . . . . . . . Largest Inventory Capacity 18 | 6 6 6 6 6 10 18 18 18 18 12 12 Average Capacity 10 | 5 6 6 6 6 6 10 16 18 14 12 12 Most Carried 12 | 6 6 6 6 6 9 10 11 11 12 12 12 Average Carried 8 | 3 5 5 6 5 6 9 10 8 9 10 11 Final Capacity 18 | 6 6 6 6 6 10 10 18 18 12 12 12 Final Carried 11 | 6 6 6 6 6 9 10 11 8 10 11 4 Class Distribution -------------------- 42% | Scavenger-Mutant 36% | Mutant 13% | Gunner 7% | Scavenger-Gunner Dominant Class ---------------- Mutant | -10/Materials Scavenger-Mutant | -10/Mines Scavenger-Mutant | -10/Exiles Scavenger-Mutant | -9/Mines Mutant | -8/Materials Mutant | -7/Factory Gunner | -7/Lower Caves Mutant | -7/Lower Caves Scavenger-Mutant | -6/Factory Scavenger-Mutant | -5/Factory Scavenger-Gunner | -4/Factory Resources | -11 -10 -10 -10 -9 -8 -7 -7 -7 -6 -5 -4 ----------- Run | Scr Mat Min Exi Min Mat Fac Low Low Fac Fac Fac Matter Collected 2569 | 224 122 103 . 89 . 401 423 . 686 66 455 Remotely . | . . . . . . . . . . . . Salvage Created 3613 | . 358 87 . 7 . 489 206 . 686 253 1527 Parts 143 | . 23 4 . . . 24 13 . 24 6 49 Haulers Intercepted 1 | . 1 . . . . . . . . . . Recyclers Shooed 1 | . 1 . . . . . . . . . . Parts Field Recycled . | . . . . . . . . . . . . Retrieved Matter . | . . . . . . . . . . . . Parts Self-Destructed 8 | . . . . . . . 8 . . . . Prevented . | . . . . . . . . . . . . Kills | -11 -10 -10 -10 -9 -8 -7 -7 -7 -6 -5 -4 ------- Run | Scr Mat Min Exi Min Mat Fac Low Low Fac Fac Fac Combat Hostiles Destroyed 63 | . 10 4 . 1 . 11 4 1 12 1 19 Melee 1 | . . . . . . . . . 1 . . Guns 33 | . 8 2 . . . 4 2 . 5 1 11 Cannons 23 | . 2 2 . 1 . 7 2 1 3 . 5 AOE 3 | . . . . . . . . . . . 3 Classes Destroyed 16 | . 3 . . 1 . 2 1 1 4 2 2 Worker 2 | . . . . . . . . . 1 . 1 Builder 4 | . . . . . . . . . . . 4 Tunneler 1 | . . . . . . . . . . . 1 Hauler 1 | . 1 . . . . . . . . . . Recycler 2 | . . . . . . . . . . 1 1 Operator 1 | . . . . . . . . . . 1 . Watcher 1 | . . . . . . . . . 1 . . Swarmer 5 | . 3 2 . . . . . . . . . Grunt 33 | . 7 2 . . . 5 . . 8 . 11 Duelist 1 | . . . . . . . . . 1 . . Sentry 6 | . . . . . . 3 . . 1 1 1 Hunter 4 | . . . . . . . . . 1 . 3 Programmer 9 | . . . . . . 3 1 . 1 . 4 Behemoth 1 | . . . . . . . . 1 . . . Assembled 1 | . . . . 1 . . . . . . . Thug 1 | . . . . . . . 1 . . . . Savage 2 | . . . . . . . 2 . . . . Best Kill Streak 8 | . 3 2 . 1 . 3 3 1 3 2 8 Combat Bots Only 4 | . 3 2 . 1 . 3 3 1 3 1 4 Max Kills in Single Turn 5 | . 1 1 . 1 . 1 1 1 1 1 5 Gunslinging . | . . . . . . . . . . . . Exploded 3 | . . . . . . . . . . . 3 Melee 1 | . . . . . . . . . 1 . . Uniques/NPCs Destroyed . | . . . . . . . . . . . . Combat | -11 -10 -10 -10 -9 -8 -7 -7 -7 -6 -5 -4 -------- Run | Scr Mat Min Exi Min Mat Fac Low Low Fac Fac Fac Damage Taken 10524 | . 518 245 . 110 14 2156 . 877 1855 308 4441 Core 1914 | . 58 67 . 38 . 383 . 35 136 46 1151 Absorbed by Shields . | . . . . . . . . . . . . Core Remaining (%) 75 | 100 . . . 34 100 . . 40 84 95 . Volleys Fired 244 | . 33 15 . 12 1 46 7 16 44 5 65 Largest 4 | . 2 2 . 2 1 3 3 3 3 3 4 Hottest 291 | . 105 85 . 85 35 157 161 173 165 195 291 Shots Fired 526 | . 61 19 . 23 1 96 26 45 79 13 163 Gun 311 | . 52 4 . 12 . 43 9 2 55 10 124 Cannon 215 | . 9 15 . 11 1 53 17 43 24 3 39 Launcher . | . . . . . . . . . . . . Special . | . . . . . . . . . . . . Kinetic 246 | . 16 15 . 11 1 52 17 40 41 5 48 Thermal 187 | . 45 4 . 12 . 5 9 2 32 8 70 Explosive . | . . . . . . . . . . . . Electromagnetic 93 | . . . . . . 39 . 3 6 . 45 Robot Hit Streak 27 | . 9 10 . 6 . 20 15 13 12 6 27 Robot Miss Streak 6 | . 2 1 . 3 1 4 3 2 6 2 4 Penetration Max 1 | . . . . . . . . . . . 1 Secondary Targets 3 | . . . . . . 2 . . . . 1 Max Gunslinging Chain 1 | . . . . . . 1 . . . . 1 Shots Hit Robots 380 | . 45 15 . 6 . 76 9 36 69 10 114 Core Hits 197 | . 21 5 . 3 . 29 8 6 46 12 67 Critical Hits 7 | . . . . . . 1 1 3 . 1 1 Critical Kills 2 | . . . . . . . 1 . . . 1 Critical Parts Destroyed 2 | . . . . . . . . 1 . 1 . Melee Attacks 43 | . . . . . . 8 . . 13 16 6 Impact 43 | . . . . . . 8 . . 13 16 6 Slashing . | . . . . . . . . . . . . Piercing . | . . . . . . . . . . . . Sneak Attacks 4 | . . . . . . . . . 1 1 2 Combat Hostiles . | . . . . . . . . . . . . Follow-up Attacks . | . . . . . . . . . . . . Damage Inflicted 10485 | . 567 229 . 102 . 1596 275 1023 1846 332 4515 Guns 4210 | . 495 35 . 64 . 477 80 41 857 167 1994 Cannons 4003 | . 72 194 . 38 . 920 195 941 351 102 1190 Explosions 1666 | . . . . . . 118 . 41 333 . 1174 Melee 606 | . . . . . . 81 . . 305 63 157 Ramming . | . . . . . . . . . . . . Kinetic 3945 | . 135 194 . 38 . 914 195 929 678 90 772 Thermal 3367 | . 432 35 . 64 . 97 80 41 450 179 1989 Explosive 393 | . . . . . . . . . . . 393 Electromagnetic 2174 | . . . . . . 504 . 53 413 . 1204 Impact 606 | . . . . . . 81 . . 305 63 157 Slashing . | . . . . . . . . . . . . Piercing . | . . . . . . . . . . . . Highest Corruption 12 | . . . . . . 9 9 12 3 . 8 Average Corruption 7 | . . . . . . 8 9 11 3 . 2 Corruption Purged . | . . . . . . . . . . . . Effects 122 | . . . . . . 35 47 25 6 . 9 Message Errors 16 | . . . . . . 6 5 2 . . 3 Matter Fused 22 | . . . . . . 8 10 2 1 . 1 Heat Flow Errors 18 | . . . . . . 5 9 1 1 . 2 Energy Discharges 22 | . . . . . . 6 9 5 1 . 1 Parts Rejected 1 | . . . . . . 1 . . . . . Data Loss (minor) 12 | . . . . . . 4 4 3 . . 1 Data Loss (major) 5 | . . . . . . 2 2 1 . . . Misfires 5 | . . . . . . . 5 . . . . Misdirections 4 | . . . . . . . . 4 . . . Targeting Errors 13 | . . . . . . . 3 6 3 . 1 Weapon Failures 4 | . . . . . . 3 . 1 . . . Overload Shots . | . . . . . . . . . . . . Overflow Damage 582 | . 47 7 . . . 46 . . 95 33 354 Projectiles 81 | . . 7 . . . 13 . . 2 . 59 Explosions 323 | . 47 . . . . 33 . . 25 . 218 Melee 178 | . . . . . . . . . 68 33 77 Knockbacks 15 | . 2 1 . . . 4 . . 6 1 1 Impact 2 | . . . . . . . . . . 1 1 Kinetic 13 | . 2 1 . . . 4 . . 6 . . Secondary . | . . . . . . . . . . . . Self-Inflicted Damage 338 | . 79 . . . . . . . . . 259 Shots 6 | . 1 . . . . . . . . . 5 Rammed . | . . . . . . . . . . . . Targets Rammed . | . . . . . . . . . . . . Kicked . | . . . . . . . . . . . . Crushed . | . . . . . . . . . . . . Highest Temperature 617 | . 303 90 . 91 . 233 311 617 300 350 581 Average Temperature 136 | . 99 38 . 41 . 65 103 236 117 215 181 Received Heat Transfer 2436 | . 210 123 . 54 9 600 . 132 618 45 645 Effects 26 | . 1 . . . . . . 7 1 1 16 Shutdowns 4 | . . . . . . . . 2 . . 2 Energy Bleed 6 | . 1 . . . . . . . 1 . 4 Interference 6 | . . . . . . . . 3 . . 3 Matter Decay 2 | . . . . . . . . . . 1 1 Short Circuit 1 | . . . . . . . . . . . 1 Damage (minor) 4 | . . . . . . . . 2 . . 2 Damage (major) 1 | . . . . . . . . . . . 1 Damage (core) 2 | . . . . . . . . . . . 2 Siege Activations . | . . . . . . . . . . . . Robots Corrupted 3 | . . . . . . . . . 3 . . Combat Hostiles 3 | . . . . . . . . . 3 . . Parts Fried 19 | . . . . . . 1 . . 4 3 11 Impact Corruptions 6 | . . . . . . . . . 1 2 3 Robots Melted . | . . . . . . . . . . . . Combat Hostiles . | . . . . . . . . . . . . Parts Melted 5 | . . . . . . 1 . . . 1 3 Heat Transferred 4716 | . 984 99 . 185 . 185 111 74 854 259 1965 Parts Sabotaged . | . . . . . . . . . . . . Parts Stolen . | . . . . . . . . . . . . Parts Stripped . | . . . . . . . . . . . . Power Chain Reactions 1 | . . . . . . . . . . . 1 Missiles Intercepted . | . . . . . . . . . . . . Latent Energy Used 700 | . . . . . . 200 . 100 200 . 200 LE Corruption 12 | . . . . . . 3 . 3 3 . 3 Alert | -11 -10 -10 -10 -9 -8 -7 -7 -7 -6 -5 -4 ------- Run | Scr Mat Min Exi Min Mat Fac Low Low Fac Fac Fac Peak Influence 386 | . 167 207 . 80 17 237 . . 153 53 386 Average Influence 59 | . 63 115 . 10 6 82 . . 50 23 82 Maximum Alert Level 1 | . . 1 . . . 1 . . . . 1 Low Security (%) 95 | 100 100 76 . 100 100 94 . . 100 100 90 Level 1 4 | . . 23 . . . 5 . . . . 9 Level 2 . | . . . . . . . . . . . . Level 3 . | . . . . . . . . . . . . Level 4 . | . . . . . . . . . . . . Level 5 . | . . . . . . . . . . . . High Security . | . . . . . . . . . . . . Max Security . | . . . . . . . . . . . . Squads Dispatched 17 | . 3 . . . . 4 . . 4 2 4 Investigation 5 | . 2 . . . . 2 . . 1 . . Extermination 6 | . . . . . . 2 . . 1 1 2 Reinforcement 5 | . 1 . . . . . . . 2 . 2 Assault . | . . . . . . . . . . . . Garrison 1 | . . . . . . . . . . 1 . Intercept . | . . . . . . . . . . . . Construction Impeded 1 | . . . . . . . . . . . 1 Haulers Reinforced 1 | . . . . . . . . . . . 1 Stealth | -11 -10 -10 -10 -9 -8 -7 -7 -7 -6 -5 -4 --------- Run | Scr Mat Min Exi Min Mat Fac Low Low Fac Fac Fac Distress Signals 6 | . . . . . . . . . 2 2 2 Communications Jammed . | . . . . . . . . . . . . Distress Signals . | . . . . . . . . . . . . Times Spotted 137 | . 28 6 . 5 3 18 4 1 30 5 37 Peak Tracking Total 7 | . 5 3 . 3 3 5 3 1 5 3 7 Tactical Retreats 12 | . 3 . . . . 4 . . 3 1 1 Traps | -11 -10 -10 -10 -9 -8 -7 -7 -7 -6 -5 -4 ------- Run | Scr Mat Min Exi Min Mat Fac Low Low Fac Fac Fac Traps Triggered 4 | . 1 . . . . 2 . . . 1 . Indirectly . | . . . . . . . . . . . . Trap Hack Attempts . | . . . . . . . . . . . . Triggered . | . . . . . . . . . . . . Disarmed . | . . . . . . . . . . . . Reprogrammed . | . . . . . . . . . . . . Reused . | . . . . . . . . . . . . Traps Extracted . | . . . . . . . . . . . . Installed . | . . . . . . . . . . . . Triggered 1 | . . . . . . . . . . . 1 Exploded 1 | . . . 1 . . . . . . . . Machines | -11 -10 -10 -10 -9 -8 -7 -7 -7 -6 -5 -4 ---------- Run | Scr Mat Min Exi Min Mat Fac Low Low Fac Fac Fac Machines Disabled 18 | . 2 . . . . 6 . . 1 . 9 Max in Single Turn 5 | . 2 . . . . 5 . . 1 . 4 Machines Sabotaged . | . . . . . . . . . . . . Garrisons Compromised . | . . . . . . . . . . . . Overloaded Fab Kills . | . . . . . . . . . . . . Fab Network Shutdowns . | . . . . . . . . . . . . Hacking | -11 -10 -10 -10 -9 -8 -7 -7 -7 -6 -5 -4 --------- Run | Scr Mat Min Exi Min Mat Fac Low Low Fac Fac Fac Machines Accessed 23 | . 6 . 1 . 2 7 . . 1 4 2 Terminals 18 | . 6 . . . 2 6 . . . 3 1 Fabricators 2 | . . . . . . 1 . . . . 1 Repair Stations . | . . . . . . . . . . . . Recycling Units 1 | . . . . . . . . . 1 . . Scanalyzers . | . . . . . . . . . . . . Garrison Access 1 | . . . . . . . . . . 1 . Total Hacks 62 | . 17 . 1 . 5 23 . . 4 7 5 Successful 32 | . 10 . 1 . 3 13 . . 2 1 2 Failed 29 | . 6 . . . 2 10 . . 2 6 3 Catastrophic 3 | . 1 . . . . 2 . . . . . Database Lockouts 1 | . 1 . . . . . . . . . . Manual 34 | . 11 . 1 . 4 14 . . . 3 1 Terminals 49 | . 17 . . . 5 19 . . . 6 2 Fabricators 7 | . . . . . . 4 . . . . 3 Repair Stations . | . . . . . . . . . . . . Recycling Units 4 | . . . . . . . . . 4 . . Scanalyzers . | . . . . . . . . . . . . Garrison Access 1 | . . . . . . . . . . 1 . Terminal Hacks 16 | . 6 . 1 . 2 5 . . . 1 1 Record 1 | . . . . . . . . . . . 1 Part Schematic 2 | . 2 . . . . . . . . . . Branch Access Points 2 | . 1 . . . . 1 . . . . . Terminal Index 1 | . . . . . . . . . . 1 . Alert Level 3 | . 1 . . . . 2 . . . . . Locate Traps 1 | . 1 . . . . . . . . . . Recall Reinforcements 1 | . 1 . . . . . . . . . . Registered Components 2 | . . . . . 1 1 . . . . . Zone Layout 2 | . . . . . 1 1 . . . . . EX-Prototype ID Bank 1 | . . . 1 . . . . . . . . Fabricator Hacks 3 | . . . . . . 2 . . . . 1 Network Status 1 | . . . . . . . . . . . 1 Load Schematic 1 | . . . . . . 1 . . . . . Build 1 | . . . . . . 1 . . . . . Repair Station Hacks . | . . . . . . . . . . . . Recycling Unit Hacks 2 | . . . . . . . . . 2 . . Process 1 | . . . . . . . . . 1 . . Retrieve Matter 1 | . . . . . . . . . 1 . . Scanalyzer . | . . . . . . . . . . . . Garrison Access Hacks . | . . . . . . . . . . . . Unauthorized Hacks 33 | . 10 . . . 2 17 . . . 3 1 Terminals 10 | . 4 . . . 1 5 . . . . . Assimilate 1 | . 1 . . . . . . . . . . Botnet 8 | . 3 . . . 1 4 . . . . . Operators 1 | . . . . . . 1 . . . . . Fabricators 1 | . . . . . . 1 . . . . . Report 1 | . . . . . . 1 . . . . . Repair Stations . | . . . . . . . . . . . . Recycling Units . | . . . . . . . . . . . . Scanalyzers . | . . . . . . . . . . . . Garrison Access . | . . . . . . . . . . . . Data Cores Recovered 1 | . . . . . . . . . . 1 . Used 1 | . . . . . . . . . . 1 . Hacking Detections 20 | . 5 . . . 2 6 . . 1 4 2 Full Trace Events 4 | . 1 . . . . 2 . . 1 . . Feedback Events . | . . . . . . . . . . . . Feedback Blocked . | . . . . . . . . . . . . Robot Schematics Acquired . | . . . . . . . . . . . . Robots Built . | . . . . . . . . . . . . Matter . | . . . . . . . . . . . . Time . | . . . . . . . . . . . . Total Robot Build Rating . | . . . . . . . . . . . . Part Schematics Acquired 2 | . 2 . . . . . . . . . . Parts Built 1 | . . . . . . 1 . . . . . Matter 102 | . . . . . . 102 . . . . . Time 51 | . . . . . . 51 . . . . . Total Part Build Rating 1 | . . . . . . 1 . . . . . Parts Repaired . | . . . . . . . . . . . . Time . | . . . . . . . . . . . . Parts Recycled . | . . . . . . . . . . . . Recycled Matter 1 | . . . . . . . . . 1 . . Retrieved Matter 1 | . . . . . . . . . 1 . . Retrieved Components . | . . . . . . . . . . . . Parts Scanalyzed . | . . . . . . . . . . . . Part Schematics Acquired . | . . . . . . . . . . . . Parts Damaged . | . . . . . . . . . . . . Bothacking | -11 -10 -10 -10 -9 -8 -7 -7 -7 -6 -5 -4 ------------ Run | Scr Mat Min Exi Min Mat Fac Low Low Fac Fac Fac Used RIF Installer . | . . . . . . . . . . . . Robots Hacked . | . . . . . . . . . . . . Non-combat . | . . . . . . . . . . . . Combat . | . . . . . . . . . . . . Robot Hacks Applied . | . . . . . . . . . . . . Relay Couplers Released . | . . . . . . . . . . . . Robots Rewired . | . . . . . . . . . . . . Allies Hacked . | . . . . . . . . . . . . Hacks Repelled . | . . . . . . . . . . . . Allies | -11 -10 -10 -10 -9 -8 -7 -7 -7 -6 -5 -4 -------- Run | Scr Mat Min Exi Min Mat Fac Low Low Fac Fac Fac Total Allies 5 | . . 5 . . . . . . . . . Largest Group 4 | . . 4 4 3 1 1 . . . . . Highest-Rated Group 71 | . . 71 71 40 16 16 . . . . . Highest-Rated Ally 31 | . . 31 31 16 16 16 . . . . . Total Orders . | . . . . . . . . . . . . Ally Attacks 26 | . . 9 . 13 . 4 . . . . . Total Damage 305 | . . 150 . 128 . 27 . . . . . Kills 8 | . . 4 . 4 . . . . . . . Allies Corrupted . | . . . . . . . . . . . . Allies Melted . | . . . . . . . . . . . . Intel | -11 -10 -10 -10 -9 -8 -7 -7 -7 -6 -5 -4 ------- Run | Scr Mat Min Exi Min Mat Fac Low Low Fac Fac Fac Robot Analysis Total . | . . . . . . . . . . . . Derelict Logs Recovered 6 | . . 1 . 2 . . 2 1 . . . Drone Launches . | . . . . . . . . . . . . Drone Recoveries . | . . . . . . . . . . . . Exploration | -11 -10 -10 -10 -9 -8 -7 -7 -7 -6 -5 -4 ------------- Run | Scr Mat Min Exi Min Mat Fac Low Low Fac Fac Fac Turns Passed 9350 | 74 1125 429 671 552 268 1418 1252 340 1125 853 1243 Spaces Moved 5652 | 56 801 309 545 415 185 760 753 161 479 602 586 Core 28 | 14 . . . . . 13 . . . . 1 Treads 1457 | . . . . . . 399 753 161 144 . . Legs 4167 | 42 801 309 545 415 185 348 . . 335 602 585 Wheels . | . . . . . . . . . . . . Hover . | . . . . . . . . . . . . Flight . | . . . . . . . . . . . . Fastest Speed 50 | 50 120 120 120 120 120 120 160 160 120 120 120 Average Speed 135 | 104 122 120 120 120 120 150 160 160 149 122 139 Slowest Speed 650 | 120 150 120 150 150 150 300 160 160 180 150 650 Overloaded Moves . | . . . . . . . . . . . . Propulsion Burnouts . | . . . . . . . . . . . . Robots Hopped . | . . . . . . . . . . . . Cave-ins Triggered . | . . . . . . . . . . . . Exploration Rate (%) 42 | 4 97 70 90 66 22 18 86 21 8 17 16 Regions Visited 11 Branch Regions 5 Pre-discovered Areas 1 | . . 1 . . . . . . . . . Known Exits Taken 6 | . 1 . . . 1 1 1 . 1 1 . Unknown Exits Taken 5 | 1 . 1 1 1 . . . 1 . . . Scrap Searched 9 | . . 1 . . . . 8 . . . . Spaces Dug 86 | . . . . . . . . . 3 7 76 Terrain Destroyed 189 | . 23 . . . . 29 3 2 21 7 104 Melee 13 | . . . . . . . . . 3 7 3 Projectile 25 | . . . . . . . 3 2 6 . 14 AOE 151 | . 23 . . . . 29 . . 12 . 87 Actions | -11 -10 -10 -10 -9 -8 -7 -7 -7 -6 -5 -4 --------- Run | Scr Mat Min Exi Min Mat Fac Low Low Fac Fac Fac Total 6818 | 68 892 348 561 446 232 940 785 207 781 671 887 Wait 615 | . 35 17 14 14 20 69 22 24 210 34 156 Move 5641 | 55 800 308 544 414 184 759 752 160 478 601 586 Hop . | . . . . . . . . . . . . Pick Up 60 | 5 8 3 . 1 7 12 2 . 7 6 9 Fast Attach 55 | 7 3 1 1 . 3 15 . . 10 3 12 Attach 56 | . 3 2 . 1 3 12 1 3 9 5 17 Detach 22 | 1 1 . . . 1 6 . 1 3 . 9 Swap 26 | . 1 . 1 2 5 3 . 3 6 . 5 Drop 45 | . 8 2 1 2 8 10 1 . 1 1 11 Fire 244 | . 33 15 . 12 1 46 7 16 44 5 65 Melee 43 | . . . . . . 8 . . 13 16 6 Ram . | . . . . . . . . . . . . Kick . | . . . . . . . . . . . . Crush . | . . . . . . . . . . . . Escape Stasis . | . . . . . . . . . . . . Rewire 11 | . . . . . . . . . . . 11 Trap . | . . . . . . . . . . . . Miscellaneous . | . . . . . . . . . . . . Route ------- -11/Scrapyard -10/Materials (discovered 5 exits: [*Mat x3] / *Min x2) -10/Mines (discovered 2 exits: [*Mat] / *Exi) -10/Exiles (discovered 2 exits: [*Min x2]) -9/Mines -8/Materials -7/Factory (discovered 3 exits: *Sto / *Low x2) -7/Lower Caves -7/Lower Caves -6/Factory (discovered 2 exits: *Fac / Low) -5/Factory -4/Factory History --------- Turn | Location | Event 35 | -11/Scrapyard | Discovered new exit (range 16) 75 | -11/Scrapyard | Entered Materials 137 | -10/Materials | Identified exit to Mines 261 | -10/Materials | Discovered new exit (range 16) 300 | -10/Materials | Build established: Mutant 642 | -10/Materials | Discovered new exit (range 14) 1039 | -10/Materials | Discovered new exit (range 9) 1041 | -10/Materials | Central database locked down 1200 | -10/Materials | Entered Mines 1238 | -10/Mines | Learned location of Storage (-7) 1397 | -10/Mines | Build established: Scavenger-Mutant 1482 | -10/Mines | Discovered new exit (range 4) 1486 | -10/Mines | Assisted by bots powering up and referring to "LRC-V3" 1587 | -10/Mines | Learned location of 1 exit from Materials 1615 | -10/Mines | Deemed a non-threat by the Exiles lab entrance 1617 | -10/Mines | Discovered new exit (range 5) 1629 | -10/Mines | Entered Exiles 1629 | -10/Exiles | Accompanied by 4 allies 1646 | -10/Exiles | Discovered new exit (range 15) 1659 | -10/Exiles | Led the pair of lost Derelicts to a safe place 1659 | -10/Exiles | Met 8R-AWN 1686 | -10/Exiles | Met EX-HEX 1731 | -10/Exiles | Met EX-DEC 1770 | -10/Exiles | Visited The Gauntlet 2013 | -10/Exiles | Discovered new exit (range 14) 2113 | -10/Exiles | Met EX-BIN 2126 | -10/Exiles | Aligned with FarCom system 2127 | -10/Exiles | Given EX-Vault access code 2165 | -10/Exiles | Opened EX-Vault 2176 | -10/Exiles | Found Latent Energy Streamer 2205 | -10/Exiles | Warned to stay clear of 0b10 Research branches 2218 | -10/Exiles | Exiles lab attacked by MAIN.C 2300 | -10/Exiles | Left Exiles lab with Latent Energy Streamer 2300 | -10/Exiles | Entered Mines 2300 | -9/Mines | Accompanied by 3 allies 2597 | -9/Mines | Core integrity fell below 50% 2629 | -9/Mines | Excavation squad dispatched 2629 | -9/Mines | A large section of the Mines collapsed 2752 | -9/Mines | Discovered new exit (range 9) 2815 | -9/Mines | Learned 4 Materials zone layouts 2852 | -9/Mines | Entered Materials 2852 | -8/Materials | Accompanied by 1 ally 2852 | -8/Materials | Evolved 4 slots: Propulsion x2, Utility x1, Weapon x1 2853 | -8/Materials | Identified exit to Factory 3120 | -8/Materials | Entered Factory 3120 | -7/Factory | Accompanied by 1 ally 3120 | -7/Factory | Evolved 2 slots: Utility x2 3121 | -7/Factory | Identified exit to Storage 3350 | -7/Factory | Identified exit to Lower Caves 3484 | -7/Factory | Fabricated Hcp. Storage Unit? 3581 | -7/Factory | Lost 15 parts (1p6n2u6w) 3772 | -7/Factory | Build established: Mutant 3809 | -7/Factory | Core integrity fell below 50% 4538 | -7/Factory | Entered Lower Caves 4778 | -7/Lower Caves | Identified exit to Lower Caves 5132 | -7/Lower Caves | Learned Factory stockpile data 5345 | -7/Lower Caves | Build established: Gunner 5790 | -7/Lower Caves | Entered another Lower Caves area 5818 | -7/Lower Caves | Spotted B-75 Beast 5828 | -7/Lower Caves | System corruption reached 10% 5901 | -7/Lower Caves | Destroyed B-75 Beast 6068 | -7/Lower Caves | Discovered new exit (range 4) 6130 | -7/Lower Caves | Entered Factory 6130 | -6/Factory | Evolved 2 slots: Utility x1, Weapon x1 6131 | -6/Factory | Identified exit to Lower Caves 6220 | -6/Factory | Build established: Mutant 6467 | -6/Factory | Lost 6 parts (1p1n2u2w) 6942 | -6/Factory | Lost 4 parts (1u3w) 7225 | -6/Factory | Build established: Scavenger-Mutant 7234 | -6/Factory | Discovered new exit (range 15) 7251 | -6/Factory | Identified exit to Factory 7255 | -6/Factory | Entered another Factory area 7255 | -5/Factory | Evolved 2 slots: Propulsion x1, Utility x1 7653 | -5/Factory | Garrison activated, responded to threat 8094 | -5/Factory | Discovered new exit (range 12) 8107 | -5/Factory | Identified exit to Factory 8108 | -5/Factory | Entered another Factory area 8108 | -4/Factory | Evolved 2 slots: Utility x2 8604 | -4/Factory | Build established: Scavenger-Gunner 8910 | -4/Factory | Lost 3 parts (2n1w) 9297 | -4/Factory | Core integrity fell below 50% 9342 | -4/Factory | Core integrity fell below 20% 9351 | -4/Factory | Destroyed by G-73 Enforcer with Phase Gun Last Messages --------------- 09335_ Destroyed Tesla Rifle. 09335_ Unknown Device melted. 09335_ P-70 Sage destroyed. 09335_ U-05 Engineer builds a Wall. 09337_ Lgt. Antimatter Reactor destroyed. 09338_ K-01 Serf collects debris. 09338_ Myomer Leg destroyed. 09339_ U-05 Engineer builds a Wall. 09341_ K-01 Serf collects debris. 09341_ Flexi-carbon Leg destroyed. 09341_ Myomer Leg destroyed. 09342_ R-10 Processor collects Myomer Leg. 09343_ EM Shield destroyed. 09344_ U-05 Engineer builds a Wall. 09344_ K-01 Serf collects debris. 09345_ Adv. Plasma Cannon destroyed. 09347_ K-01 Serf collects debris. 09349_ U-05 Engineer lays Concrete. 09350_ U-05 Engineer builds a Door. 09350_ K-01 Serf collects debris. Map ----- +----------------------------------------------------+ | ?????????????????????????????????????????# || | | ?????????????????????????????????????????# | | | ?????????????????????????????????????????# | | ?????????????????????????????????????????# [ = | | ???????????????????????????????????############+#+ | | ???????????????????????????????????? ?#% | | ?????????????????????????????????????? # | | ??????????????????????????????Y?????"""""""" # | | ?????????????????????????????????# + | | ????????????????????????????????????"""""""" # | | ?????????????????????????????????????? # | | ?????????????????????????????????????""""""" ?# | | ?????????????????????????????????????? ?# % | | ?????????????????????????????????????"""""""??# | | ????????????????????????????????????? ??# | | ?????????????? ????????????????????????""""???# | | ????????????? ??????????????????????? ???# | | ????????????? ?????????????################# | | ???????????? "" ##+########### ## | | ???????????"F"" # ## ## | | ?????????? """ ; ## ## | | ????????? u # ## ## | | ????????? u gg ## ! ## | | ?????????# ####+ ;gg* ## ## | | ???????? #; ;!%! ## ## | | ???????? ; k %% ! @ #######+########## | | ??????? #; #??# | | ??????? ; % #??# | | ?????? ;#######??# | | ?????? ;;; #% ########## | | ?????????## % !% # | | ??????????## * # # | | ???????????# # # | | ???????????# # # | | ???????????# """ / ##### # | | ???????????## """ # #???# # | | ???????????# """ # #???#^ ^ # | | ???????????## + #???# ## | | ????????????# #######+####### #? | | ????????????### # #+###+#? | | ??????????????######### + #??????? | | ??????????????????????######## ! #??????? | | ?????????????????????????????# #??????? | | ?????????????????????????????# #??????? | | ?????????????????????????????# #??????? | | ?????????????????????????????# #??????? | | ?????????????????????????????# #??????? | | ?????????????????????????????# #??????? | | ?????????????????????????????# !!! #??????? | | ?????????????????????????????# !!! #??????? | +----------------------------------------------------+ Best States ------------- Heat Dissipation 81 Energy Generation 23 Energy Capacity 315 Matter Stores 300 Matter Capacity 300 Sight Range 16 Terrain Scan Density 10 Power Amplification 30 Armor Coverage 375 Resistance: EM 25 Propulsion Shielding 33 Weapon Cycling 15 Evasion (%) 40 Targeting Accuracy 6 Core Analysis 6 Recoil Reduction 4 Energy Filtering 50 Particle Charging 20 Item Schematics ----------------- Hcp. Storage Unit | -10/Materials | Hacked Aluminum Leg | -10/Materials | Hacked Robot Schematics ------------------ None Fabricated ------------ Hcp. Storage Unit | x1 | -7/Factory Alien Tech Used ----------------- None Achievements -------------- None Challenges ------------ None Game ------ Seed DynamicCoolantBlaster Manual? 0 Play Time 02:03:40 Cumulative 45.9 hours Start 2019.11.26 @ 14:22:16 End 2019.11.26 @ 17:27:07 Sessions 2 Manual Loads 0 Difficulty Rogue Special Mode None Game No. 33 Rogue 33 Adventurer 0 Explorer 0 Win Type - Total 0 Types 0/0/0/0/0/0/0 Lore% 44 Gallery% 41 Achievement% 34 Wizard Run 0 Options --------- ASCII 1 Keyboard 1 Movement Numpad Keybinds 0 Fullscreen 1 Font 18/SmallcapsGlow Map View 76x50 Tactical HUD 1 Map Filters NONE Filters NONE Steam 0 RUN: bcd1bd14-2846-4c6c-8f3d-3fe2f437d1d2